 Dungeon Crawl Stone Soup version 0.32-a0-675-gdc239d62e1 (webtiles) character file.

Game seed: 6416889178458657803

356364 shadizar the Sorcerer (level 23, -33/182 HPs)
             Began as a Djinni Conjurer on Mar 11, 2024.
             Was the Champion of Makhleb.
             Killed from afar by a frost giant (43 damage)
             ... with a bolt of cold
             ... on level 5 of the Vaults.
             The game lasted 01:29:02 (31962 turns).

shadizar the Sorcerer (Djinni Conjurer)            Turns: 31962, Time: 01:29:02

Health: -33/182    AC: 21    Str:  6    XL:     23   Next: 37%
Gold:   3851       EV: 19    Int: 33    God:    Makhleb [******] SH: 23 Dex: 25

rFire   + + +        P - staff of Gietiyt {^Fragile rPois rF+ Will+ Dex+3 Fire}
rCold   x . .        l - +2 tower shield
rNeg    + . .        j - +5 ring mail "Dunwewk" {rF+ rN+ Dex+4}
rPois   ∞            Y - +2 helmet {SInv}
rElec   .            V - +1 cloak
rCorr   +            p - +1 pair of gloves
SInv    +            (boots unavailable)
Will    +++..        D - amulet of Tygaduaf {rPois Regen+ rCorr Int+2}
Stlth   ++           N - +6 ring of dexterity
HPRegen 1.30/turn    U - +5 ring of evasion
MPRegen 0.00/turn

%: infuse magic (-34 HP)
@: flying, very slightly contaminated
A: sickness immunity, fire resistance 2, cold vulnerability 1, float, innate
caster, HP casting, extra vitality 1
}: 2/15 runes: barnacled, gossamer
a: Renounce Religion, Minor Destruction, Lesser Servant of Makhleb, Major
Destruction, Greater Servant of Makhleb


You were on level 5 of the Vaults.
You worshipped Makhleb.
Makhleb was exalted by your worship.
You visited 7 branches of the dungeon, and saw 35 of its levels.
You also visited: Ossuary, Ice Cave and Volcano.

You collected 3931 gold pieces.
You spent 80 gold pieces at shops.

Inventory:

Armour
 g - the +5 buckler of Objectivity {Harm rElec Will++ Dex-5}
   (You found it on level 6 of the Dungeon)

   Dex-5:     It affects your dexterity (-5).
   rElec:     It insulates you from electricity.
   Will++:    It greatly increases your willpower.
   Harm:      It increases damage dealt and taken.
 j - the +5 ring mail "Dunwewk" (worn) {rF+ rN+ Dex+4}
   (You found it on level 11 of the Dungeon)

   Dex+4:     It affects your dexterity (+4).
   rF+:       It protects you from fire.
   rN+:       It protects you from negative energy.
 l - a +2 tower shield (worn)
 n - a +0 kite shield
 p - a +1 pair of gloves (worn)
 z - the +0 robe "Pikkowno" {rN+ Int+2 Archmagi}
   (You found it on level 5 of the Dungeon)

   Int+2:     It affects your intelligence (+2).
   rN+:       It protects you from negative energy.
   Archmagi:  It increases the power of your magical spells.
 B - a scarf of repulsion
 J - the +4 skin of Zhor {*Englaciate rC+++ SInv}
   (You found it in an ice cave)

   *Englaciate: It radiates cold, occasionally slowing all nearby creatures who
   are not resistant to cold.
   rC+++:     It renders you almost immune to cold.
   SInv:      It lets you see invisible.
 Q - +0 acid dragon scales
 S - a scarf of resistance
 V - a +1 cloak (worn)
 Y - a +2 helmet of see invisible (worn)
Magical Staves
 P - the staff of Gietiyt (weapon) {^Fragile rPois rF+ Will+ Dex+3 Fire}
   (You found it on level 4 of the Shoals)

   [staff of fire]

   Base accuracy: +5 Base damage: 5 Base attack delay: 1.2 This weapon's minimum
   attack delay (0.6) is reached at skill level 12.
   Dex+3:     It affects your dexterity (+3).
   rF+:       It protects you from fire.
   rPois:     It protects you from poison.
   Will+:     It increases your willpower.
   ^Fragile:  It will be destroyed if unequipped.
   Fire:      It increases the power of your Fire spells.
   It falls into the 'Staves' category.
   It is a one-handed weapon.
Jewellery
 C - a ring of willpower
 D - the amulet of Tygaduaf (around neck) {rPois Regen+ rCorr Int+2}
   (You found it on level 3 of the Vaults)

   [amulet of regeneration]

   Int+2:     It affects your intelligence (+2).
   rPois:     It protects you from poison.
   Regen+:    It increases your rate of health regeneration.
   rCorr:     It protects you from acid and corrosion.
 E - an amulet of faith
 M - a ring of protection from cold
 N - a +6 ring of dexterity (left hand)
 R - a ring of positive energy
 U - a +5 ring of evasion (right hand)
 Z - a ring of willpower
Wands
 t - a wand of polymorph (12)
 v - a wand of acid (31)
 x - a wand of warping (44)
 y - a wand of mindburst (47)
 G - a wand of digging (14)
 H - a wand of paralysis (12)
 W - a wand of flame (92)
Scrolls
 a - 4 scrolls of identify
 d - a scroll of butterflies
 e - 18 scrolls of teleportation
 h - a scroll of vulnerability
 m - a scroll of immolation
 o - 4 scrolls of revelation
 u - a scroll of fear
 w - 8 scrolls of blinking
Potions
 b - 7 potions of enlightenment
 c - a potion of ambrosia
 f - 4 potions of heal wounds
 i - 13 potions of resistance
 k - 4 potions of haste
 q - 4 potions of brilliance
 r - 2 potions of invisibility
 s - 4 potions of cancellation
 O - 11 potions of curing
Miscellaneous
 A - a phial of floods


   Skills:
 + Level 20.4 Fighting
 - Level 12.0 Armour
 - Level 14.0 Dodging
 - Level 1.5 Stealth
 - Level 13.0 Shields
 + Level 21.4 Spellcasting
 + Level 21.4 Conjurations
 + Level 21.4 Hexes
   Level 0.0 Charms
 + Level 21.4 Summonings
 + Level 21.4 Necromancy
 + Level 21.4 Translocations
   Level 0.0 Transmutations
 + Level 21.4 Fire Magic
 + Level 21.4 Ice Magic
 + Level 21.4 Air Magic
 + Level 21.4 Earth Magic
 + Level 21.4 Alchemy


You knew the following spells:

 Your Spells              Type           Power      Damage    Failure   Level
a - Magic Dart            Conj           100%       1d8       0%          1
b - Searing Ray           Conj           100%       2d8       0%          2
c - Fulminant Prism       Conj/Alch      54%        3d23      1%          4
d - Iskenderun's Mystic   Conj/Tloc      100%       2d19      1%          4
e - Apportation           Tloc           100%       N/A       0%          1
f - Jinxbite              Hex            100%       N/A       0%          2
g - Call Imp              Summ           100%       N/A       0%          2
h - Dazzling Flash        Conj/Hex       100%       N/A       1%          3
i - Manifold Assault      Tloc           100%       N/A       1%          4
j - Borgnjor's Vile Clut  Necr/Erth      54%        N/A       1%          5
k - Starburst             Conj/Fire      66%        6d17      1%          6
l - Death Channel         Necr           54%        N/A       1%          6
m - Plasma Beam           Fire/Air       66%        2x1d82    1%          6
n - Summon Hydra          Summ           54%        N/A       4%          7
o - Infestation           Necr           54%        N/A       36%         8
Your spell library was empty.

Dungeon Overview and Level Annotations

Branches:
Dungeon (14/15)            Temple (1/1) D:6            Lair (5/5) D:9
 Shoals (4/4) Lair:3       Spider (4/4) Lair:2        Slime (0/5) Lair:5
    Orc (2/2) D:11            Elf (0/3) Orc:2        Vaults (5/5) D:13
  Crypt (0/3) Vaults:3    Ossuary (visited)           IceCv (visited)
Volcano (visited)

Altars:
Ashenzari
Cheibriados
Dithmenos
Elyvilon
Fedhas
Gozag
Hepliaklqana
Makhleb
Nemelex Xobeh
Okawaru
Qazlal
Ru
Trog
Uskayaw
Wu Jian
Xom
Yredelemnul
Zin
The Shining One
Jiyva

Shops:
D:11 :*(?(   Orc:2 (?[**   Shoals:2 !   Shoals:3 *   Vaults:4 =

Portals:
Abyss: Vaults:1

Annotations:
D:6 1 runed translucent door, MirrMurr's ghost, novice SpHu
D:7 1 runed translucent door, Crazy Yiuf
Lair:2 exclusion: ice statue
Lair:4 1 runed translucent door, Konar's ghost, journeyman CoHu
Vaults:5 Boris; Sojobo


Innate Abilities, Weirdness & Mutations

You are immune to sickness and miasma.
You are immune to poison.
Your flesh is very heat resistant. (rF++)
You are vulnerable to cold. (rC-)
You float through the air rather than walking.
You learn spells naturally, not from books.
Your magical power is your life essence.
You have superior vitality. (+4 MHP)


Message History

Unknown command.
Unknown command.
Unknown command.
Unknown command.
Unknown command.
Unknown command.
Unknown command.
Unknown command.
Unknown command.
Casting: Iskenderun's Mystic Blast (safe; 1% risk of failure)
Confirm with . or Enter, or press ? or * to list all spells.
You erupt in a blast of force!
The mystic blast hits the vault warden.
The vault warden is severely wounded.
The vault warden is knocked back by the mystic blast.
The vault warden collides with the vault warden!
The vault warden is lightly wounded.
The vault warden is almost dead.
The mystic blast hits the yaktaur captain!
The yaktaur captain is moderately wounded.
The yaktaur captain is knocked back by the mystic blast.
The yaktaur captain collides with the sun moth!
The sun moth is heavily wounded.
The yaktaur captain is heavily wounded.
The mystic blast hits the yaktaur captain!!
You kill the yaktaur captain!
Makhleb accepts your kill.
The mystic blast hits the frost giant!
The frost giant is severely wounded.
The frost giant is knocked back by the mystic blast.
The frost giant slams into the heavily etched crystal wall!
The frost giant is almost dead.
The mystic blast hits Sojobo!!
Sojobo is heavily wounded.
Sojobo is knocked back by the mystic blast.
Sojobo collides with Boris!
Sojobo is heavily wounded.
* * * LOW HITPOINT WARNING * * *
The sun moth changes into an orb spider!
The frost giant casts a spell at you. The bolt of cold hits you!!!
You feel a terrible chill!
You die...

### #....# #.. #....#
.... #.HC.# .....#....#
. ..C.)#.)..#..
...p.))).)c..
###############.)).†...#
.......)†QLQC2))))<<§§.)
.......@$csuQLep.<[†§.QQ
.......(.pQCeu..).<<)§..
$.......)CpC.uu)..)..C..
#############...43.....#
#.........H.
#........#cu
c.###....#..


You could see Boris, Sojobo (repels missiles), a titan, a dread lich, a frost
giant, 3 very ugly things, 2 fire giants, 2 vault wardens, 3 tengu reavers, a
yaktaur captain, a lorocyproca (summoned, invisible), a deep elf annihilator, a
green ugly thing, a deep elf high priest and an orb spider shaped shifter.

Vanquished Creatures
  Nikola (Shoals:1)
  A bone dragon (Vaults:3)
  2 hellephants (Vaults:1)
  A tentacled monstrosity (Vaults:5)
  2 liches
  2 titans (Vaults:5)
  6 sphinxes
  3 tengu reavers
  3 krakens
  2 storm dragons (Vaults:5)
  3 shadow dragons (Vaults:5)
  2 fire giants (Vaults:5)
  Ilsuiw (Shoals:4)
  A deep elf sorcerer (Vaults:1)
  3 frost giants
  5 ghost moths
  7 emperor scorpions
  Louise (Spider:4)
  14 vault wardens
  2 orc warlords
  A formless jellyfish (Vaults:2)
  3 broodmothers
  14 ironbound thunderhulks
  6 very ugly things
  23 ironbound preservers
  The ghost of risv the Fighter, a journeyman MiBe of Trog (Vaults:1)
  5 deep elf demonologists
  A stone giant (Vaults:5)
  4 dire elephants
  A red draconian (Volcano)
  Snorg (D:12)
  6 merfolk impalers (Shoals:4)
  9 yaktaur captains
  5 merfolk javelineers (Shoals:4)
  An ettin (Vaults:5)
  3 crystal guardians
  32 vault guards
  5 entropy weavers
  5 great orbs of eyes
  Fannar (D:12)
  Harold (D:9)
  5 hydras
  2 caustic shrike simulacra (IceCv)
  2 rakshasas (Vaults:1)
  4 ogre magi
  3 catoblepae
  Erica (D:10)
  2 peacekeepers
  5 radroaches
  2 jorogumos
  5 alligator snapping turtles
  A death knight (D:12)
  8 ironbound frosthearts
  3 merfolk aquamancers (Shoals:4)
  5 merfolk avatars
  8 boulder beetles
  14 two-headed ogres
  12 centaur warriors
  6 demonic crawlers
  An orc high priest (Orc:1)
  10 death yaks
  Urug (Lair:1)
  Sonja (D:10)
  9 skysharks
  6 sea snakes
  A goliath frog (shapeshifter) (Vaults:5)
  3 skeletal warriors (D:11)
  5 pharaoh ants
  10 orb spiders
  3 glowing orange brains
  18 ironbound convokers
  A bog body (IceCv)
  48 deep trolls
  A spriggan simulacrum (IceCv)
  An obsidian statue (IceCv)
  7 arcanists
  6 lindwurms
  Pikel (D:7)
  An orc sorcerer (Orc:1)
  A deep elf pyromancer (D:11)
  2 necromancers
  13 steelbarb worms
  10 harpies
  An orc knight (D:13)
  17 wolf spiders
  7 wolf spider zombies (Spider:2)
  27 ugly things
  3 moths of wrath
  5 fauns
  A manticore (shapeshifter) (Vaults:2)
  7 cyclopes
  15 manticores
  A meliai (shapeshifter) (D:14)
  23 vault sentinels
  2 ice statues (Spider:4)
  2 kobold blastminers (Orc:2)
  7 elephants (Lair:3)
  3 meliai (D:13)
  7 black mambas
  Joseph (D:8)
  12 merfolk sirens
  9 torpor snails
  6 water nymphs
  17 cane toads
  Jeremiah (D:6)
  2 gargoyles
  A hellion (Vaults:1)
  3 efreet
  7 redback zombies (Spider:2)
  15 freezing wraiths
  28 yaktaurs
  Psyche (D:12)
  5 anaconda simulacra (IceCv)
  An ice devil (IceCv)
  2 kobold demonologists
  2 golden dragon simulacra (IceCv)
  15 komodo dragons
  12 trolls
  A tyrant leech (Lair:5)
  19 merfolk
  9 polar bears
  2 hornets (D:9)
  9 wind drakes
  A blink frog (shapeshifter) (Vaults:5)
  9 tarantella zombies (Spider:2)
  38 tarantellas
  37 blink frogs
  5 culicivora zombies (Spider:2)
  Grinder (D:5)
  2 alligator simulacra (IceCv)
  14 snapping turtles
  17 dream sheep
  24 slime creatures
  34 jumping spiders
  22 culicivoras
  3 shadows
  7 water elementals
  Sigmund (D:3)
  2 wyverns
  6 centaur simulacra (D:14)
  4 dire elephant simulacra (IceCv)
  53 yaks
  2 vampires (D:10)
  6 basilisks
  15 humans (D:13)
  2 wargs
  3 minotaur simulacra (IceCv)
  A redback simulacrum (D:14)
  51 redbacks
  Menkaure (D:6)
  7 vampire mosquitoes
  Edmund (D:4)
  4 steam dragons
  4 harpy simulacra (IceCv)
  5 acid dragons
  17 water moccasins
  A hydra simulacrum (IceCv)
  9 orc warriors
  9 ice beasts
  2 ettin simulacra (IceCv)
  3 sky beasts
  2 black bears
  21 ogres
  9 centaurs
  12 wolves
  3 lemures (D:7)
  16 kobold brigands
  16 bullfrogs
  2 gnoll sergeants (D:6)
  A deep troll simulacrum (IceCv)
  3 scorpions
  A burial acolyte (Ossuary)
  4 wights (Ossuary)
  16 killer bees
  4 lindwurm simulacra (IceCv)
  2 howler monkeys
  5 electric eels
  2 jellies
  2 hounds (D:6)
  A bombardier beetle (D:6)
  10 orc priests
  A sleepcap (D:4)
  4 iguanas
  11 orc wizards
  6 hell rats (Lair:4)
  12 gnolls
  8 adders
  2 shadow imps (D:10)
  5 white imps
  8 ufetubi
  6 dart slugs
  3 ribbon worms
  38 orcs
  9 endoplasms
  2 giant cockroaches (D:3)
  9 goblins
  8 hobgoblins
  3 jackals (D:1)
  54 kobolds
  3 quokkas
  5 ball pythons
  A ball python skeleton (Ossuary)
  7 bats
  3 frilled lizards
  A goblin zombie (D:4)
  A hobgoblin skeleton (Ossuary)
  11 kobold skeletons
  8 kobold zombies (D:10)
  4 orc skeletons (Ossuary)
  A quokka zombie (D:4)
  5 rats
  A spectral hobgoblin (D:4)
  A butterfly (Lair:1)
  A fulminant prism (D:8)
  A tentacle (Shoals:4)
1544 creatures vanquished.

Vanquished Creatures (collateral kills)
  A culicivora (Spider:3)
  2 redbacks (Spider:3)
3 creatures vanquished.

Vanquished Creatures (others)
  A vault warden (Vaults:5)
  A yaktaur captain (Vaults:5)
  2 humans
  65 fulminant prisms
  11 tentacles
80 creatures vanquished.

Grand Total: 1627 creatures vanquished

Notes
Turn   | Place    | Note
-------+----------+-------------------------------------------
     0 | D:1      | shadizar the Djinni Conjurer began the quest for the Orb.
     0 | D:1      | shadizar set off with the following spells memorised: Magic
                  | Dart, Searing Ray, Fulminant Prism, Iskenderun's Mystic
                  | Blast.
     0 | D:1      | Reached XP level 1. HP: 15/15 MP: 0/0
   155 | D:1      | Reached XP level 2. HP: 19/21 MP: 0/0
   614 | D:1      | Reached XP level 3. HP: 24/25 MP: 0/0
   614 | D:1      | Learned a level 1 spell: Apportation
  1107 | D:2      | Identified the orb of Alyzuang {guile, Harm Fly Dex-5}
  1217 | D:2      | Reached XP level 4. HP: 31/31 MP: 0/0
  1802 | D:3      | Reached XP level 5. HP: 35/35 MP: 0/0
  1802 | D:3      | Learned a level 2 spell: Jinxbite
  1803 | D:3      | Reached skill level 5 in Spellcasting
  1803 | D:3      | Reached skill level 5 in Conjurations
  1803 | D:3      | Reached skill level 5 in Hexes
  1803 | D:3      | Reached skill level 5 in Summonings
  1803 | D:3      | Reached skill level 5 in Necromancy
  1803 | D:3      | Reached skill level 5 in Translocations
  1803 | D:3      | Reached skill level 5 in Fire Magic
  1803 | D:3      | Reached skill level 5 in Ice Magic
  1803 | D:3      | Reached skill level 5 in Air Magic
  1803 | D:3      | Reached skill level 5 in Earth Magic
  1803 | D:3      | Reached skill level 5 in Alchemy
  1936 | D:3      | Noticed a human
  1937 | D:3      | Killed a human
  2296 | D:3      | Noticed Sigmund
  2327 | D:3      | Killed Sigmund
  2328 | D:3      | Reached XP level 6. HP: 27/40 MP: 0/0
  2615 | D:4      | Found a sacrificial altar of Ru.
  2658 | D:4      | Identified the +9 war axe "Haoduloxt" {protect, rElec rC-
                  | Dex+4}
  2798 | D:4      | Noticed Edmund
  2838 | D:4      | Killed Edmund
  2839 | D:4      | Reached XP level 7. HP: 41/45 MP: 0/0
  2839 | D:4      | Learned a level 2 spell: Call Imp
  2919 | D:4      | Found a hazy altar of Hepliaklqana.
  3073 | D:4      | Found a sand-covered staircase.
  3081 | Ossuary  | Entered an ossuary
  3253 | Ossuary  | Reached XP level 8. HP: 37/50 MP: 0/0
  4160 | D:5      | Entered Level 5 of the Dungeon
  4360 | D:5      | Noticed a yak
  4361 | D:5      | Noticed a yak
  4362 | D:5      | Noticed a yak
  4363 | D:5      | Noticed a yak
  4369 | D:5      | Killed a yak
  4369 | D:5      | Killed a yak
  4372 | D:5      | Killed a yak
  4373 | D:5      | Reached XP level 9. HP: 28/61 MP: 0/0
  4373 | D:5      | Learned a level 3 spell: Dazzling Flash
  4378 | D:5      | Reached skill level 5 in Dodging
  4461 | D:5      | Identified the +0 robe "Pikkowno" {rN+ Int+2 Archmagi}
  4629 | D:5      | Noticed Grinder
  4635 | D:5      | Killed Grinder
  4636 | D:5      | Reached skill level 5 in Fighting
  4962 | D:6      | Noticed Jeremiah
  4968 | D:6      | Killed Jeremiah
  4979 | D:6      | Reached XP level 10. HP: 40/73 MP: 0/0
  5031 | D:6      | Identified the +5 buckler of Objectivity {Harm rElec Will++
                  | Dex-5}
  5119 | D:6      | Noticed Menkaure
  5123 | D:6      | Killed Menkaure
  5393 | D:6      | Found a staircase to the Ecumenical Temple.
  5778 | Temple   | Entered the Ecumenical Temple
  6009 | D:6      | Found a snail-covered altar of Cheibriados.
  6074 | D:6      | Found a runed translucent door.
  6076 | D:6      | Noticed MirrMurr's ghost (novice SpHu)
  6409 | D:7      | Found a basalt altar of Yredelemnul.
  6481 | D:7      | Found an ornate altar of the Wu Jian Council.
  6486 | D:7      | Found a stormy altar of Qazlal.
  6490 | D:7      | Found a hide-covered altar of Uskayaw.
  6493 | D:7      | Found a glowing golden altar of the Shining One.
  6498 | D:7      | Found a burning altar of Makhleb.
  6500 | D:7      | Noticed Pikel
  6503 | D:7      | Killed Pikel
  6506 | D:7      | Became a worshipper of Makhleb the Destroyer
  6647 | D:7      | Found a runed translucent door.
  6648 | D:7      | Noticed Crazy Yiuf
  7160 | D:8      | Reached skill level 5 in Shields
  7394 | D:8      | You are sucked into a shaft and drop 1 floor!
  7394 | D:9      | Found a broken altar of Ashenzari.
  7417 | D:8      | Reached XP level 11. HP: 79/82 MP: 0/0
  7417 | D:8      | Learned a level 4 spell: Manifold Assault
  7530 | D:8      | Reached * piety under Makhleb
  7780 | D:8      | Noticed Joseph
  7791 | D:8      | Killed Joseph
  8057 | D:9      | Found a staircase to the Lair.
  8094 | D:9      | Reached ** piety under Makhleb
  8594 | Lair:1   | Entered Level 1 of the Lair of Beasts
  8872 | Lair:1   | Noticed Urug
  8874 | Lair:1   | Noticed a boulder beetle
  9004 | Lair:1   | Killed a boulder beetle
  9005 | Lair:1   | Reached XP level 12. HP: 74/90 MP: 0/0
  9007 | Lair:1   | Killed Urug
  9008 | Lair:1   | Reached skill level 10 in Spellcasting
  9008 | Lair:1   | Reached skill level 10 in Conjurations
  9008 | Lair:1   | Reached skill level 10 in Hexes
  9008 | Lair:1   | Reached skill level 10 in Summonings
  9008 | Lair:1   | Reached skill level 10 in Necromancy
  9008 | Lair:1   | Reached skill level 10 in Translocations
  9008 | Lair:1   | Reached skill level 10 in Fire Magic
  9008 | Lair:1   | Reached skill level 10 in Ice Magic
  9008 | Lair:1   | Reached skill level 10 in Air Magic
  9008 | Lair:1   | Reached skill level 10 in Earth Magic
  9008 | Lair:1   | Reached skill level 10 in Alchemy
  9413 | Lair:2   | Found a hole to the Spider Nest.
  9517 | Lair:2   | Found a dark tunnel.
  9528 | Volcano  | Entered a volcano
  9557 | Volcano  | Noticed a two-headed ogre
  9563 | Volcano  | Killed a two-headed ogre
  9563 | Volcano  | Reached *** piety under Makhleb
  9578 | Volcano  | Noticed a red draconian
  9584 | Volcano  | Killed a red draconian
  9620 | Volcano  | Noticed a two-headed ogre
  9621 | Volcano  | Noticed a two-headed ogre
  9626 | Volcano  | Noticed an ogre mage
  9627 | Volcano  | Killed a two-headed ogre
  9627 | Volcano  | Killed a two-headed ogre
  9627 | Volcano  | Killed an ogre mage
  9936 | Lair:2   | Reached XP level 13. HP: 93/96 MP: 0/0
  9936 | Lair:2   | Learned a level 5 spell: Borgnjor's Vile Clutch
 10037 | Lair:2   | Reached skill level 10 in Fighting
 10770 | Lair:3   | Identified the +2 robe of Infinity {-Cast Harm Str+5
                  | Stlth+}
 10826 | Lair:3   | Reached **** piety under Makhleb
 11158 | Lair:3   | Found a staircase to the Shoals.
 11499 | Lair:4   | Noticed a catoblepas
 11507 | Lair:4   | Reached ***** piety under Makhleb
 11508 | Lair:4   | Killed a catoblepas
 11509 | Lair:4   | Reached XP level 14. HP: 112/112 MP: 0/0
 11834 | Lair:4   | Found a runed translucent door.
 11834 | Lair:4   | Found a shimmering altar of Xom.
 11834 | Lair:4   | Noticed Konar's ghost (journeyman CoHu)
 12445 | Lair:5   | Entered Level 5 of the Lair of Beasts
 12505 | Lair:5   | Found a viscous altar of Jiyva.
 12506 | Lair:5   | Found a staircase to the Slime Pits.
 13044 | Lair:5   | Reached skill level 10 in Dodging
 13148 | Lair:5   | Reached skill level 10 in Shields
 13244 | Lair:5   | Reached XP level 15. HP: 116/118 MP: 0/0
 13244 | Lair:5   | Learned a level 6 spell: Starburst
 13399 | Lair:5   | Reached ****** piety under Makhleb
 13976 | D:9      | Noticed Harold
 13985 | D:9      | Killed Harold
 14033 | D:10     | Entered Level 10 of the Dungeon
 14061 | D:10     | Noticed Erica
 14070 | D:10     | Killed Erica
 14138 | D:10     | Noticed Sonja
 14143 | D:10     | Killed Sonja
 14542 | D:10     | Found a shadowy altar of Dithmenos.
 14573 | D:10     | Found a bloodstained altar of Trog.
 14849 | D:11     | Found Vuala's Magic Scroll Shop.
 14957 | D:11     | Identified the +5 ring mail "Dunwewk" {rF+ rN+ Dex+4}
 15137 | D:11     | Found Mifaid's General Store.
 15169 | D:11     | Found a staircase to the Orcish Mines.
 15217 | D:11     | Noticed a walking crystal tome
 15220 | D:11     | Found Fecec's Book Emporium.
 15226 | D:11     | Noticed a walking frostbound tome
 15253 | D:11     | Found Weuf's Antique Weapon Shoppe.
 15283 | D:11     | Found Coumueth's Weapon Emporium.
 15967 | D:12     | Noticed Psyche
 15972 | D:12     | Killed Psyche
 15989 | D:12     | Noticed Snorg
 15993 | D:12     | Reached skill level 15 in Spellcasting
 15993 | D:12     | Reached skill level 15 in Conjurations
 15993 | D:12     | Reached skill level 15 in Hexes
 15993 | D:12     | Reached skill level 15 in Summonings
 15993 | D:12     | Reached skill level 15 in Necromancy
 15993 | D:12     | Reached skill level 15 in Translocations
 15993 | D:12     | Reached skill level 15 in Fire Magic
 15993 | D:12     | Reached skill level 15 in Ice Magic
 15993 | D:12     | Reached skill level 15 in Air Magic
 15993 | D:12     | Reached skill level 15 in Earth Magic
 15993 | D:12     | Reached skill level 15 in Alchemy
 15998 | D:12     | Noticed Fannar
 16005 | D:12     | Killed Snorg
 16013 | D:12     | Killed Fannar
 16584 | D:13     | Found a gate to the Vaults.
 16586 | D:13     | Reached skill level 1 in Armour
 16590 | D:13     | Reached XP level 16. HP: 124/124 MP: 0/0
 16691 | D:13     | Reached skill level 5 in Armour
 18511 | Orc:1    | Entered Level 1 of the Orcish Mines
 18535 | Orc:1    | Reached skill level 10 in Armour
 18627 | Orc:2    | Entered Level 2 of the Orcish Mines
 18634 | Orc:2    | Found a staircase to the Elven Halls.
 18944 | Orc:2    | Found Wlyxouti's Whimsical Warehouse.
 19203 | Orc:2    | Reached skill level 15 in Fighting
 19203 | Orc:2    | Reached XP level 17. HP: 91/131 MP: 0/0
 19203 | Orc:2    | Learned a level 6 spell: Death Channel
 19250 | Orc:2    | Found Tielag's Antique Weapon Emporium.
 19251 | Orc:2    | Found Qogyrphiq's Magic Scroll Emporium.
 19255 | Orc:2    | Found Nunynut's Antique Armour Boutique.
 19258 | Orc:2    | Bought a scroll of identify for 28 gold pieces
 19271 | Orc:2    | Found Zomnuilu's General Store.
 19279 | Orc:2    | Bought a scroll of identify for 26 gold pieces
 19279 | Orc:2    | Bought a scroll of identify for 26 gold pieces
 19459 | Orc:1    | Paralysed by an orc sorcerer for 5 turns
 19865 | Spider:1 | Entered Level 1 of the Spider Nest
 20094 | Spider:1 | Identified the +8 flail "Zeutee" {flame, rPois Stlth+}
 21313 | Spider:3 | Reached XP level 18. HP: 135/139 MP: 0/0
 22173 | Spider:3 | Identified the +3 war axe of Iqit {freeze, Int+4 SInv}
 22454 | Spider:4 | Entered Level 4 of the Spider Nest
 22543 | Spider:4 | Noticed Louise
 22551 | Spider:4 | Killed Louise
 22582 | Spider:4 | Found a glacial archway.
 22624 | Spider:4 | Identified the +1 robe of Absence {Dex+3}
 22629 | IceCv    | Entered an ice cave
 22660 | IceCv    | Found the +4 skin of Zhor {*Englaciate rC+++ SInv}
 22725 | IceCv    | Noticed a lich
 22731 | IceCv    | Killed a lich
 23028 | IceCv    | Reached XP level 19. HP: 118/145 MP: 0/0
 23028 | IceCv    | Learned a level 6 spell: Plasma Beam
 23448 | Spider:4 | Got a gossamer rune of Zot
 23930 | Shoals:1 | Entered Level 1 of the Shoals
 23968 | Shoals:1 | Noticed Nikola
 23976 | Shoals:1 | Killed Nikola
 25069 | Shoals:2 | Found Muloi's Distillery.
 25823 | Shoals:3 | Found Ekoziut's Island Escapes.
 26215 | Shoals:4 | Entered Level 4 of the Shoals
 26261 | Shoals:4 | Noticed Ilsuiw
 26272 | Shoals:4 | Killed Ilsuiw
 26283 | Shoals:4 | Reached XP level 20. HP: 128/153 MP: 0/0
 26788 | Shoals:4 | Got a barnacled rune of Zot
 27016 | Shoals:4 | Identified the staff of Gietiyt {^Fragile rPois rF+ Will+
                  | Dex+3 Fire}
 27557 | Vaults:1 | Entered Level 1 of the Vaults
 28795 | Vaults:1 | Found a transporter.
 28802 | Vaults:1 | Noticed a hellephant
 28805 | Vaults:1 | Found a transporter.
 28812 | Vaults:1 | Found a one-way gate to the infinite horrors of the Abyss.
 28812 | Vaults:1 | Noticed risv's ghost (journeyman MiBe)
 28819 | Vaults:1 | Killed a hellephant
 28820 | Vaults:1 | Killed risv's ghost
 28859 | Vaults:1 | Noticed a hellephant
 28867 | Vaults:1 | Reached XP level 21. HP: 148/163 MP: 0/0
 28867 | Vaults:1 | Learned a level 7 spell: Summon Hydra
 29466 | Vaults:2 | Identified the +9 short sword of the Messenger {elec, rC+
                  | Stlth+}
 30055 | Vaults:3 | Identified the +7 dagger of Inference {freeze, rN+}
 30084 | Vaults:3 | Reached XP level 22. HP: 169/169 MP: 0/0
 30426 | Vaults:3 | Noticed a bone dragon
 30435 | Vaults:3 | Killed a bone dragon
 30470 | Vaults:3 | Found a staircase to the Crypt.
 30514 | Vaults:3 | Identified the amulet of Tygaduaf {rPois Regen+ rCorr
                  | Int+2}
 31254 | Vaults:4 | Found Saujumn's Jewellery Boutique.
 31915 | Vaults:5 | Entered Level 5 of the Vaults
 31930 | Vaults:5 | Reached XP level 23. HP: 180/180 MP: 0/0
 31930 | Vaults:5 | Learned a level 8 spell: Infestation
 31937 | Vaults:5 | Noticed Sojobo
 31954 | Vaults:5 | Identified the +3 robe "Tefoppu" {rCorr Str+6}
 31954 | Vaults:5 | Noticed Boris
 31957 | Vaults:5 | Noticed a dread lich
 31962 | Vaults:5 | Killed from afar by a frost giant

Illustrated notes

Levels and vault maps discovered:
D:1:      shiori_arrival_oz, layout_loops_corners
D:2:      layout_basic
D:3:      layout_loops_ring, tgw_kikubaaqudgha, uniq_sigmund
D:4:      layout_cave_pods, mainiacjoe_overflow_brackets,
          nicolae_hepliaklqana_monster_ancestors, tgw_sif, enter_ossuary_4,
          minmay_misc_feat_columns, small_statue_intersection, minivault_5,
          columned_hall_lemuel, uniq_edmund
D:5:      layout_loops_cross, uniq_grinder
D:6:      layout_loops_ring, kennysheep_slug_shrine, lemuel_temple_firewalk_a,
          ebering_ghost_reflecting_pool, uniq_menkaure, uniq_jeremiah
D:7:      layout_basic, nicolae_overflow_hallway_of_the_gods,
          mainiacjoe_overflow_small_starburst, uniq_crazy_yiuf_cottage,
          uniq_pikel
D:8:      layout_basic, dk_noncrumbling_2, uniq_joseph
D:9:      lemuel_flame_loot_2, layout_cave_pools, evilmike_ruin_ashenzari,
          lair_entry_dummy, uniq_harold
D:10:     wander_kiku_kobolds, layout_loops_ring, trog_ov_bears_minmay,
          chequers_temple_overflow_statue_of_worship, minmay_between,
          uniq_erica, uniq_sonja
D:11:     layout_basic, orc_0_dummy, serial_shops, nicolae_shop_mannequins,
          nicolae_shop_window_shopping, shop, nicolae_shop_crystal, shop_coins
D:12:     layout_basic, uniq_snorg, uniq_psyche, uniq_fannar
D:13:     layout_gridville, david_vaults_3
D:14:     layout_basic, nicolae_triple_integral, serial_ice, serial_ice_b,
          serial_ice_f, serial_ice_l, serial_ice_d, serial_ice_a, serial_ice_o,
          serial_ice_e, serial_ice_c, serial_ice_h, serial_ice_m,
          grunt_ministairs_10, hangedman_fish_farm
Temple:   hellmonk_temple_beads
Lair:1:   layout_concentric_octagons, lemuel_fruit_fields, uniq_urug
Lair:2:   layout_layer_cave, hellmonk_spider_entry_life_and_decay,
          nicolae_volcano_entry_hallway, ice2_lemuel
Lair:3:   layout_chaotic_city, minmay_shoals_entry_beasts
Lair:4:   layout_loops_ring, ebering_ghost_xom, grunt_megastairs_2,
          lemuel_fruit_fields, serial_bayou_shore_a, lemuel_fruit_fields
Lair:5:   minmay_lair_end_frog_pond, layout_hall_layers, slime_entry_1,
          grunt_megastairs_5, lemuel_fruit_tree
Shoals:1: layout_shoals, uniq_nikola
Shoals:2: layout_shoals, serial_shops, shop, nicolae_shoals_land_atoll
Shoals:3: layout_shoals, nicolae_island_escapes
Shoals:4: shoals_end_grunt_ice, layout_shoals, shoals_ilsuiw_alternative
Spider:1: layout_spider_delve, hellmonk_test_site
Spider:2: lemuel_spider_zombies, spiders_nest_hornet_nest
Spider:3: layout_chambers, nicolae_spider_not_touching_you
Spider:4: grunt_spider_rune_circles, portal_ice_cave_entry_ice_statue_two,
          guppyfry_spider_mini_2, uniq_louise
Orc:1:    layout_caves
Orc:2:    st_orc_open, layout_diamond_mine, nicolae_alphabet_shops
Vaults:1: gammafunk_ghost_abyssal_escape, vaults_room_corners, v_misc_2,
          vaults_dpeg_diagonal, ontoclasm_vaults_fault,
          nicolae_vaults_little_ls, nicolae_vaults_double_plus_2,
          nicolae_vaults_closet_pinwheel_6,
          nicolae_vaults_windows_and_doors_thing, layout_vaults_quadrants
Vaults:2: nicolae_vaults_shrinking_rooms_2, st_eye,
          nicolae_vaults_offset_grid_hallway_2, vaults_standard_mumra_x,
          v_misc_8, ontoclasm_vaults_loading_screen,
          nicolae_vaults_double_plus_1, dpeg_vaults_monster_box,
          hangedman_vaults_unwind, vaults_standard_mumra_enter_the_diamond,
          hangedman_vaults_slice, layout_vaults_omnibox
Vaults:3: nicolae_vaults_trapezoid_lopsided_4, vaults_mumra_minichess_inversion,
          nicolae_vaults_trapezoid_3, hangedman_vaults_slice,
          nicolae_vaults_double_plus_2, v_alt_pattern_5, v_misc_28,
          minmay_crypt_entry_nasty_monster, vaults_dpeg_doors,
          vaults_room_hallway, vaults_dpeg_hooks, nicolae_vaults_diamond_2,
          layout_vaults_ring
Vaults:4: vaults_mumra_chevron_long, v_misc_16, nicolae_vaults_surprise_closet,
          vaults_dpeg_ring, nicolae_vaults_sightless_eye,
          nicolae_vaults_more_shelving_2, nicolae_vaults_house_3,
          hangedman_vaults_corner_blocks, hangedman_vaults_maws,
          hangedman_vaults_restitches, layout_vaults_big_room, serial_shops,
          nicolae_diamond_shop
Vaults:5: uniq_frederick, uniq_sojobo, uniq_boris

Skill      XL: |  1  2  3  4  5  6  7  8  9 10 11 12 13 14 15 16 17 18 19 20 21 22 23 |
---------------+----------------------------------------------------------------------+-----
Spellcasting   | 4 6 7 8 9 12 13 15 16 18 20 21 | 21.4
Conjurations   | 4 6 7 8 9 12 13 15 16 18 20 21 | 21.4
Hexes          | 4 6 7 8 9 12 13 15 16 18 20 21 | 21.4
Summonings     | 4 6 7 8 9 12 13 15 16 18 20 21 | 21.4
Necromancy     | 4 6 7 8 9 12 13 15 16 18 20 21 | 21.4
Translocations | 4 6 7 8 9 12 13 15 16 18 20 21 | 21.4
Fire Magic     | 4 6 7 8 9 12 13 15 16 18 20 21 | 21.4
Ice Magic      | 4 6 7 8 9 12 13 15 16 18 20 21 | 21.4
Air Magic      | 4 6 7 8 9 12 13 15 16 18 20 21 | 21.4
Earth Magic    | 4 6 7 8 9 12 13 15 16 18 20 21 | 21.4
Alchemy        | 4 6 7 8 9 12 13 15 16 18 20 21 | 21.4
Fighting       | 3 6 8 9 14 15 16 18 19 20 | 20.4
Dodging        | 4 7 8 10 11 14 | 14.0
Shields        | 6 8 10 11 13 | 13.0
Armour         | 4 10 12 | 12.0
Stealth        | |  1.5

Action                     |  1- 3 |  4- 6 |  7- 9 | 10-12 | 13-15 | 16-18 | 19-21 | 22-24 || total
---------------------------+-------+-------+-------+-------+-------+-------+-------+-------++-------
  Melee: Staff             |       |       |       |     2 |    16 |     8 |       |       ||    26
   Cast: Magic Dart        |    74 |   100 |   132 |   207 |   249 |    14 |     1 |       ||   777
         Searing Ray       |       |     5 |     2 |     8 |       |     6 |       |       ||    21
         Fulminant Prism   |       |     4 |     6 |    27 |    22 |     7 |       |       ||    66
         Iskenderun's Myst |       |     1 |    27 |   138 |   382 |   337 |    79 |    42 ||  1006
         Starburst         |       |       |       |       |     3 |   253 |    11 |    11 ||   278
         Borgnjor's Vile C |       |       |       |       |       |     3 |       |       ||     3
         Death Channel     |       |       |       |       |       |     1 |       |       ||     1
         Plasma Beam       |       |       |       |       |       |       |   420 |   127 ||   547
    Use: Scroll            |       |       |    16 |     4 |     7 |     6 |     2 |     1 ||    36
         Potion            |       |       |       |     2 |       |     2 |     3 |     4 ||    11
   Stab: Distracted        |       |       |       |       |     1 |       |       |       ||     1
 Armour: Robe              |     3 |     8 |    21 |    59 |   128 |    15 |       |       ||   234
         Ring mail         |       |       |       |       |       |   119 |    58 |    29 ||   206
  Dodge: Dodged            |     5 |     2 |    23 |    91 |   123 |   130 |    45 |    17 ||   436
  Block: Kite shield       |       |       |       |    37 |    91 |   162 |    37 |     6 ||   333
         Tower shield      |       |       |       |       |       |       |       |    45 ||    45

Table legend: (Time is in decaauts)
 A = Elapsed time spent in this place.
 B = Non-inter-level travel time spent in this place.
 C = Inter-level travel time spent in this place.
 D = Time resting spent in this place.
 E = Time spent auto-exploring this place.
 F = Levels seen in this place.
 G = Mean time per level.
                   A        B        C        D        E       F      G
               +--------+--------+--------+--------+--------+-----+--------+
         Total |  32019 |  30402 |   1617 |      0 |  22918 |  38 |  842.6 |
       Dungeon |  12832 |  12060 |    772 |      0 |   9186 |  14 |  916.6 |
        Temple |    111 |    111 |      0 |      0 |      0 |   1 |  111.0 |
          Lair |   5349 |   4994 |    355 |      0 |   3413 |   5 | 1069.8 |
        Shoals |   3486 |   3345 |    141 |      0 |   2889 |   4 |  871.5 |
   Spider Nest |   3530 |   3348 |    182 |      0 |   2386 |   4 |  882.5 |
  Orcish Mines |   1266 |   1225 |     41 |      0 |    963 |   2 |  633.0 |
        Vaults |   4404 |   4280 |    124 |      0 |   3506 |   5 |  880.8 |
       Ossuary |    322 |    322 |      0 |      0 |    216 |   1 |  322.0 |
      Ice Cave |    510 |    510 |      0 |      0 |    285 |   1 |  510.0 |
       Volcano |    204 |    204 |      0 |      0 |     74 |   1 |  204.0 |
               +--------+--------+--------+--------+--------+-----+--------+

Top non-repeatable levels by time:
Vaults:1: 1470 daAuts
Spider:3: 1368 daAuts
     D:4: 1354 daAuts
  Lair:2: 1281 daAuts
  Lair:4: 1234 daAuts
  Lair:5: 1208 daAuts
Shoals:4: 1149 daAuts
     D:6: 1112 daAuts
     D:1: 1094 daAuts
Vaults:3: 1028 daAuts
    D:13: 983 daAuts
    D:11: 977 daAuts
Vaults:2: 972 daAuts
    D:14: 927 daAuts
     D:7: 899 daAuts
